 Dungeon Crawl Stone Soup version 0.31-a0-692-gf03d1854d5 (webtiles) character file.

Game seed: 2720467636228032513

67 qw the Shooter (level 4, -2/28 HPs)
             Began as a Gargoyle Hunter on Sept 6, 2023.
             Slain by Ijyb
             ... wielding a +4 club
              (5 damage)
             ... while paralysed by Ijyb
             ... on level 3 of the Dungeon.
             The game lasted 00:00:30 (1741 turns).

qw the Shooter (Gargoyle Hunter)                    Turns: 1741, Time: 00:00:30

Health: -2/28      AC: 11    Str: 14    XL:     4   Next: 18%
Magic:  4/4        EV:  2    Int: 10    God:
Gold:   53         SH:  0    Dex: 15    Spells: 3/3 levels left

rFire   . . .        Y - +0 shortbow
rCold   . . .        (shield currently unavailable)
rNeg    + . .        g - +3 ring mail
rPois   inf          (no helmet)
rElec   +            (no cloak)
rCorr   .            (no gloves)
SInv    .            (no boots)
Will    .....        b - amulet of reflection
Stlth   +            (no ring)
HPRegen 0.24/turn    (no ring)
MPRegen 0.09/turn

%: reflection
@: paralysed
A: sickness immunity, AC +3, negative energy resistance 1, electricity
resistance, torment resistance 1, petrification resistance
a: no special abilities


You were on level 3 of the Dungeon.
You visited 1 branch of the dungeon, and saw 3 of its levels.

You collected 53 gold pieces.


Innate Abilities, Weirdness & Mutations

You are immune to sickness and miasma.
Your stone body is resilient. (AC +3)
You are immune to poison.
You resist negative energy. (rN+)
You are resistant to electric shocks. (rElec)
You are resistant to unholy torment.
You are immune to petrification.


   Skills:
 - Level 3.0 Fighting
 + Level 5.1 Ranged Weapons
 - Level 1.0 Armour
 - Level 1.5 Dodging
 - Level 1.1 Stealth


You had 3 spell levels left.
You didn't know any spells.
Your spell library was empty.

Inventory:

Hand Weapons
 Y - a +0 shortbow (weapon)
Armour
 g - a +3 ring mail (worn)
Jewellery
 b - an amulet of reflection (around neck)
Scrolls
 a - a scroll of identify
Potions
 e - a potion of haste
 h - a potion of curing
 i - a potion of mutation {unknown}

Dungeon Overview and Level Annotations

Branches:
Dungeon (3/15)

Altars:

Annotations:
D:3 Ijyb


Message History

The kobold closely misses you. The hobgoblin barely misses you.
Ijyb screams, "Get away!"
Ijyb hits you but does no damage.
You shoot an arrow. The arrow hits Ijyb but does no damage.
Ijyb is moderately wounded.
You block the hobgoblin's attack. The kobold completely misses you.
Ijyb barely misses you. The hobgoblin barely misses you.
Ijyb hits you with a +4 club! The kobold misses you.
You shoot an arrow. The arrow hits Ijyb.
Ijyb is heavily wounded.
The hobgoblin barely misses you. The kobold completely misses you.
Ijyb hits you but does no damage.
You shoot an arrow. The arrow hits Ijyb but does no damage.
Ijyb is heavily wounded.
Ijyb barely misses you.
The hobgoblin hits you but does no damage.
The kobold hits you but does no damage.
You shoot an arrow. The arrow hits Ijyb.
Ijyb is heavily wounded.
The kobold misses you. Ijyb hits you but does no damage.
The hobgoblin completely misses you.
You shoot an arrow. The arrow hits Ijyb but does no damage.
Ijyb is heavily wounded.
The hobgoblin barely misses you. The kobold hits you but does no damage.
Ijyb hits you but does no damage.
The hobgoblin hits you but does no damage.
Ijyb zaps a wand.
You resist with some effort. The kobold hits you but does no damage.
You shoot an arrow. The arrow hits Ijyb but does no damage.
Ijyb is heavily wounded.
Ijyb zaps a wand.
You suddenly lose the ability to move!
The hobgoblin hits you but does no damage.
The kobold hits you with a +0 short sword.
The kobold hits you with a +0 short sword.
The hobgoblin hits you but does no damage.
Ijyb hits you with a +4 club! The kobold hits you but does no damage.
The hobgoblin hits you but does no damage.
Ijyb hits you with a +4 club.
You die...

#.....).#
#.......#
#..).... #....%.
#.=... #....#
#.Kgg# #.
#..@.####...
.....###).......
..<......####...
......##.# ....
#.########## ...
#..........# ..
##.........# .
#.........#
#.........#


You could see Ijyb, a hobgoblin and a kobold.

Vanquished Creatures
  4 adders
  A dart slug (D:1)
  An orc (D:3)
  4 ball pythons
  5 bats
  An endoplasm (D:1)
  A giant cockroach (D:1)
  A goblin (D:2)
  2 hobgoblins
  2 frilled lizards
  3 kobolds
  8 rats (D:1)
33 creatures vanquished.

Notes
Turn   | Place    | Note
-------+----------+-------------------------------------------
     0 | D:1      | qw the Gargoyle Hunter began the quest for the Orb.
     0 | D:1      | Reached XP level 1. HP: 12/12 MP: 1/1
     0 | D:1      | 0 ||| qw: Version: 0.3-a-76-g4403597
     0 | D:1      | 0 ||| qw: Game counter: 160
     0 | D:1      | 0 ||| qw: Melee chars always use a shield: true
     0 | D:1      | 0 ||| qw: God list: Okawaru
     0 | D:1      | 0 ||| qw: Allow faded altars: false
     0 | D:1      | 0 ||| qw: Do Orc after clearing Dungeon:15 true
     0 | D:1      | 0 ||| qw: Do second Lair branch before Depths: true
     0 | D:1      | 0 ||| qw: Lair rune preference: random
     0 | D:1      | 0 ||| qw: Goals: Normal
     0 | D:1      | 0 ||| PLANNING D:1-11
   161 | D:1      | Reached XP level 2. HP: 17/17 MP: 2/2
   728 | D:1      | 728 ||| READING 2 scrolls labelled KIVEUCZ WYLID.
   729 | D:1      | 729 ||| READING scroll labelled JARAELETUAZ.
   730 | D:1      | 730 ||| READING scroll labelled ROODUQO LITO.
   731 | D:1      | 731 ||| READING scroll labelled FOL SEUQUENN.
   832 | D:1      | 832 ||| DROPPING scroll of butterflies.
   909 | D:2      | Reached skill level 5 in Ranged Weapons
   909 | D:2      | Reached XP level 3. HP: 21/21 MP: 3/3
  1032 | D:2      | Found a faded altar of an unknown god.
  1425 | D:2      | Reached skill level 3 in Fighting
  1659 | D:2      | 1659 ||| UPGRADING to +0 ring mail.
  1669 | D:2      | 1669 ||| DROPPING +0 leather armour.
  1670 | D:2      | 1670 ||| UPGRADING to +3 ring mail.
  1680 | D:2      | 1680 ||| DROPPING +0 ring mail.
  1681 | D:2      | 1681 ||| UPGRADING to amulet of reflection.
  1686 | D:2      | 1686 ||| DRINKING 2 white potions.
  1687 | D:2      | 1687 ||| READING 3 scrolls of identify.
  1687 | D:2      | 1687 ||| IDENTIFYING fizzy grey potion
  1688 | D:2      | 1688 ||| READING 2 scrolls of identify.
  1688 | D:2      | 1688 ||| IDENTIFYING grey potion
  1689 | D:2      | 1689 ||| DROPPING potion of brilliance.
  1713 | D:3      | Reached skill level 1 in Armour
  1713 | D:3      | Reached XP level 4. HP: 28/28 MP: 4/4
  1723 | D:3      | Noticed Ijyb
  1725 | D:3      | Paralysed by Ijyb for 4 turns
  1739 | D:3      | Paralysed by Ijyb for 5 turns
  1740 | D:3      | HP: 3/28 [Ijyb/+4 club (9)]
  1741 | D:3      | Slain by Ijyb

Levels and vault maps discovered:
D:1:      dpeg_arrival_ratfight, layout_loops_ring
D:2:      layout_basic, dreamdust_ecumenical_altar_statues
D:3:      layout_basic, lemuel_zombie_altar_yredelemnul, uniq_terence, uniq_ijyb

Skill      XL: |  1  2  3 |
---------------+----------+-----
Ranged Weapons | 5 |  5.1
Fighting       | 3 |  3.0
Armour         | 1 |  1.0
Dodging        | |  1.5
Stealth        | |  1.1

Action                     |  1- 3 |  4- 6 || total
---------------------------+-------+-------++-------
   Fire: Shortbow          |    91 |    14 ||   105
    Use: Scroll            |     6 |       ||     6
         Potion            |     1 |       ||     1
 Armour: Leather armour    |    15 |       ||    15
         Ring mail         |     2 |    23 ||    25
  Dodge: Dodged            |    28 |    17 ||    45
  Block: Other             |     3 |     5 ||     8

Table legend:
 A = Non-vault XP
 B = Vault XP
 C = Vault XP percentage of total XP
 D = Non-vault monster count
 E = Vault monster count
 F = Vault count percentage of total count
                 A         B        C        D         E       F
            +---------+---------+-------+---------+---------+-------
      Total |      92 |       5 |   5.2 |      28 |       5 |  15.2
            +---------+---------+-------+---------+---------+-------
        D:1 |      25 |       5 |  16.7 |      16 |       5 |  23.8
        D:2 |      48 |       0 |   0.0 |       8 |       0 |   0.0
        D:3 |      19 |       0 |   0.0 |       4 |       0 |   0.0
            +---------+---------+-------+---------+---------+-------
